 Dungeon Crawl Stone Soup version 0.18.1-1-g2f07953 (webtiles) character file.

441033 varam the Slayer (level 24, -6/234 HPs)
             Began as a Hill Orc Gladiator on May 7, 2016.
             Was a High Priest of Okawaru.
             Mangled by a merfolk
             ... wielding a +0 trident
              (24 damage)
             ... while paralysed
             ... on level 4 of the Shoals.
             The game lasted 05:22:38 (55696 turns).

varam the Slayer (Hill Orc Gladiator)              Turns: 55696, Time: 05:22:38

Health: -6/234     AC: 32    Str: 40    XL:     24   Next: 39%
Magic:  33/33      EV:  2    Int: 13    God:    Okawaru [*****.]
Gold:   3348       SH:  0    Dex: 11    Spells: 4 memorised, 10 levels left

rFire  + . .     SeeInvis .     w - +1 broad axe "Neduamp" {flame, +Rage rC+ MR+ Str+4}
rCold  + + +     Gourm    .     U - +5 ring mail of Autumn {-Cast rC+ Slay+5}
rNeg   . . .     Faith    .     C - +2 shield of Resistance {rF+ rC+ MR+}
rPois  .         Spirit   .     s - +2 helmet {Int+3}
rElec  +         Dismiss  .     W - +2 cloak of Starlight {rElec rC+ EV+4 Stlth--}
rCorr  .         Reflect  .     I - +0 pair of gloves {Str+3}
SustAt .         Harm     .     F - +4 pair of boots of Hedonism {Slay+3}
MR     +++..     NoCast   +     G - amulet of regeneration
Stlth  ..........               X - +6 ring of strength
                                K - +4 ring of protection

@: paralysed, lethally poisoned (-6 -> -38), exhausted, slowed, extremely
resistant to hostile enchantments, extremely unstealthy
A: no striking features
a: Heroism, Finesse, Renounce Religion, Evoke Berserk Rage
}: 1/15 runes: serpentine


You were on level 4 of the Shoals.
You worshipped Okawaru.
Okawaru was extremely pleased with you.
You were not hungry.

You visited 9 branches of the dungeon, and saw 42 of its levels.
You also visited: Labyrinth and Ice Cave.

You collected 4946 gold pieces.
You spent 1598 gold pieces at shops.

Inventory:

Hand Weapons
 w - the +1 broad axe "Neduamp" (weapon) {flame, +Rage rC+ MR+ Str+4}
   (Okawaru gifted it to you on level 8 of the Lair of Beasts)

   It has been specially enchanted to burn those struck by it, causing extra
   injury to most foes and up to half again as much damage against particularly
   susceptible opponents.
   Big, fiery blades are also staple armaments of hydra-hunters.
   It affects your strength (+4).
   It protects you from cold.
   It affects your resistance to hostile enchantments.
   It lets you go berserk.
Missiles
 f - 9 javelins of returning (quivered)
 k - 9 throwing nets
 D - 12 tomahawks
 Z - 19 javelins
Armour
 s - a +2 helmet of intelligence (worn)
 C - the +2 shield of Resistance (worn) {rF+ rC+ MR+}
   (You found it on level 2 of the Lair of Beasts)

   It protects you from fire.
   It protects you from cold.
   It affects your resistance to hostile enchantments.
 F - the +4 pair of boots of Hedonism (worn) {Slay+3}
   (Okawaru gifted it to you on level 2 of the Snake Pit)

   It affects your accuracy and damage with ranged weapons and melee attacks
   (+3).
 I - a +0 pair of gloves of strength (worn)
 U - the +5 ring mail of Autumn (worn) {-Cast rC+ Slay+5}
   (You found it on level 2 of the Vaults)

   It affects your accuracy and damage with ranged weapons and melee attacks
   (+5).
   It protects you from cold.
   It prevents spellcasting.
 W - the +2 cloak of Starlight (worn) {rElec rC+ EV+4 Stlth--}
   (You found it on level 3 of the Elven Halls)

   It affects your evasion (+4).
   It protects you from cold.
   It insulates you from electricity.
   It makes you much less stealthy.
Rods
 M - a +2 rod of inaccuracy (11/11)
   (You found it in a labyrinth)
Jewellery
 i - an uncursed ring of resist corrosion
 G - an amulet of regeneration (around neck)
 K - a +4 ring of protection (left hand)
 T - the ring "Ketzat" {Str+2 SInv}
   (You took it off a deep elf annihilator on level 3 of the Elven Halls)

   [ring of see invisible]

   It affects your strength (+2).
   It lets you see invisible.
 X - a +6 ring of strength (right hand)
Wands
 d - a wand of teleportation (4/9)
 g - a wand of lightning (8/15)
 O - a wand of digging (10/24)
 Q - a wand of iceblast (9/15)
 R - a wand of teleportation (5/9)
Scrolls
 a - 22 scrolls of remove curse
 j - 7 scrolls of teleportation
 m - 5 scrolls of magic mapping
 o - 5 scrolls of identify
 q - 10 scrolls of fear
 t - 2 scrolls of amnesia
 v - 6 scrolls of fog
 y - 2 scrolls of noise
 E - a scroll of recharging
 H - 7 scrolls of blinking
 L - a scroll of immolation
 Y - a scroll of enchant weapon
Potions
 h - 9 potions of haste
 l - 4 potions of might
 n - 5 potions of agility
 p - 5 potions of cancellation
 r - a potion of heal wounds
 x - 6 potions of flight
 z - 3 potions of brilliance
 A - 4 potions of ambrosia
 S - 13 potions of curing
Miscellaneous
 b - a legendary deck of defence {the Helm}
 c - a box of beasts {used: 1}
 J - a plain deck of defence {the Cloud}
 N - a lamp of fire (inert)
 P - a disc of storms
Comestibles
 e - 15 fruits
 u - 3 bread rations
 B - a slice of pizza


   Skills:
 + Level 22.9 Fighting
   Level 8.2 Long Blades
 - Level 18.0(19.5) Axes
   Level 12.1(15.2) Maces & Flails
 - Level 4.8 Throwing
 - Level 16.1 Armour
 - Level 10.1 Dodging
 - Level 15.0 Shields
 - Level 7.0 Spellcasting
 - Level 2.1 Conjurations
 - Level 11.1 Charms
 - Level 5.0 Invocations
 - Level 12.5 Evocations


You had 10 spell levels left.
You knew the following spells:

 Your Spells              Type           Power        Failure   Level  Hunger
a - Haste                 Chrm           ####....     34%         6    #######
b - Spectral Weapon       Hex/Chrm       ###.....     8%          3    ##.....
c - Tornado               Air            #.........   100%        9    #######
d - Glaciate              Conj/Ice       #.........   100%        9    #######


Dungeon Overview and Level Annotations

Branches:
Dungeon (15/15)            Temple (1/1) D:7            Lair (8/8) D:8
 Shoals (4/4) Lair:4        Snake (4/4) Lair:6        Slime (0/6) Lair:8
    Orc (2/2) D:9             Elf (3/3) Orc:2        Vaults (4/5) D:14
  Crypt (0/3) Vaults:2     Depths (1/5) D:15

Altars:
Ashenzari
Cheibriados
Dithmenos
Elyvilon
Fedhas
Gozag
Kikubaaqudgha
Makhleb
Nemelex Xobeh
Okawaru
Pakellas
Qazlal
Ru
Sif Muna
Trog
Vehumet
Xom
Yredelemnul
Zin
The Shining One
Beogh
Jiyva

Shops:
Orc:2 *=[(   Elf:1 [   Elf:2 (   Vaults:2 (

Portals:
Pandemonium: Depths:1

Annotations:
Elf:1 exclusion: orange crystal statue


Message History

The stone burns you.
* * * LOW HITPOINT WARNING * * *
The snapping turtle bites you but does no damage.
The merfolk hits you from afar with a trident!
* * * LOW HITPOINT WARNING * * *
The merfolk impaler hits you but does no damage.
You are more poisoned.
The merfolk javelineer throws a javelin.
The javelin hits you but does no damage.
You feel like a meek peon again.
* * * LOW HITPOINT WARNING * * *
You feel very sick.
The merfolk no longer looks unusually strong.
The faun hits you from afar with a spear!
* * * LOW HITPOINT WARNING * * *
The satyr plays a frightful melody on his pipes!
The satyr radiates an aura of fear!
You resist with some effort.
The merfolk impaler hits you but does no damage.
The merfolk hits you from afar with a trident!!
You die...

................≈.
..............c<..≈.
....................
.........................
.........................
......................≈≈.
.................=....≈..
.............(t.........≈
....$....###@)###<.......
P.....^...#mcmm..##......
m..cm..(.(cccm≈≈.........
.(..§(......c≈≈≈...≈.....≈≈≈
§§.m....P..≈m≈≈≈≈(..≈≈≈..≈≈≈≈
...[≈....≈≈≈≈≈≈≈....≈≈...≈≈≈≈
..c....≈...≈≈≈≈≈....≈≈.≈.≈≈≈≈
..P≈.........≈≈≈.......≈≈≈≈≈≈
P........P...≈≈≈.......≈≈≈≈≈≈


You could see a merfolk avatar, a merfolk impaler, a merfolk javelineer, 3
satyrs, a snapping turtle, 2 merfolk and 3 fauns.

Vanquished Creatures
  Sojobo (Vaults:3)
  Vashnia (Snake:2)
  Saint Roka (Orc:2)
  A lich (Depths:1)
  An Ice Fiend (IceCv)
  3 deep elf blademasters
  3 deep elf master archers (Elf:3)
  3 sphinxes
  Roxanne (D:14)
  2 frost giants (Vaults:3)
  Wiglaf (Vaults:1)
  2 tengu reavers
  Donald (Elf:2)
  An orc warlord (D:11)
  12 deep elf sorcerers
  4 greater nagas
  11 vault wardens
  Aizul (Snake:2)
  7 deep elf elementalists (Elf:3)
  12 ironheart preservers
  3 very ugly things (Vaults:3)
  8 deep elf demonologists
  6 stone giants
  2 salamander stormcallers
  Nessos (D:13)
  Azrael (D:12)
  8 deep elf annihilators (Elf:3)
  5 deep elf death magi (Elf:3)
  2 ettins
  An eidolon (Vaults:2)
  13 vault guards
  4 fire dragons
  4 merfolk impalers
  A minotaur (Lab)
  10 yaktaur captains
  7 deep elf high priests (Elf:3)
  4 merfolk javelineers
  The ghost of simples the Carver, a journeyman MiFi of the Shining One (D:10)
  8 great orbs of eyes
  2 ice dragons
  Fannar (D:11)
  2 rakshasas
  16 naga warriors
  8 centaur warriors
  11 hydras
  A merfolk avatar (Shoals:2)
  A catoblepas (Lair:6)
  17 ogre magi
  A death knight (Vaults:4)
  27 dancing weapons
  A satyr (shapeshifter) (Elf:3)
  6 anacondas
  A vampire mage (Vaults:2)
  22 death yaks
  2 satyrs (Shoals:4)
  2 orc high priests (Orc:2)
  3 deep troll shamans
  3 tengu warriors
  10 shock serpents
  A fire crab (shapeshifter) (Vaults:1)
  27 naga sharpshooters
  24 deep elf knights
  4 fire crabs
  5 skeletal warriors (D:11)
  2 shadow wraiths
  10 deep trolls
  3 salamander mystics
  3 unseen horrors
  3 sea snakes
  2 wizards (D:14)
  4 naga ritualists
  A lindwurm (shapeshifter) (Vaults:2)
  13 deep elf archers
  A phantasmal warrior (Vaults:2)
  20 orc knights
  16 ironbrand convokers
  6 hill giants
  A necromancer (Vaults:2)
  An oklob plant (Lair:6)
  6 mana vipers
  13 harpies
  A faun (shapeshifter) (Vaults:3)
  17 griffons
  8 manticores
  8 wolf spiders
  A manticore (shapeshifter) (Elf:3)
  14 ugly things
  41 deep elf magi
  8 cyclopes
  8 orc sorcerers
  6 fauns
  A hornet (Vaults:4)
  21 naga magi
  14 salamanders
  4 guardian serpents
  27 black mambas
  A torpor snail (shapeshifter) (Vaults:3)
  3 ice statues
  4 sirens
  5 centaur zombies
  A water nymph (Shoals:2)
  15 vault sentinels
  10 elephants
  A torpor snail (Lair:7)
  25 spiny frogs
  5 centaur skeletons
  3 gargoyles
  7 rime drakes
  24 yaktaurs
  A small abomination (Elf:3)
  6 freezing wraiths
  13 komodo dragons
  2 kobold demonologists
  12 ice devils (IceCv)
  A tengu conjurer (D:14)
  18 merfolk
  A polar bear (Lair:2)
  4 giant leeches (Lair:8)
  A wind drake (Shoals:2)
  10 trolls
  A jumping spider (Vaults:4)
  28 two-headed ogres
  A troll (shapeshifter) (Vaults:3)
  A boulder beetle (shapeshifter) (D:15)
  41 blink frogs
  14 slime creatures
  5 boulder beetles
  A blink frog (shapeshifter) (Vaults:1)
  Sigmund (D:2)
  2 air elementals
  2 tarantellas
  3 shadows
  2 vampires
  7 snapping turtles
  4 water elementals
  5 redbacks
  64 yaks
  A wraith (Vaults:1)
  2 tarantellas (shapeshifter)
  3 wyverns
  A salamander simulacrum (Vaults:3)
  5 fire elementals
  A hungry ghost (D:12)
  A human (D:14)
  38 vampire mosquitoes
  A basilisk (shapeshifter) (Vaults:1)
  4 basilisks
  16 hippogriffs
  18 wargs
  A mottled dragon (shapeshifter) (Elf:3)
  2 soldier ants
  A mottled dragon (D:11)
  31 water moccasins
  65 nagas
  A hell hound (shapeshifter) (Vaults:1)
  9 hell hounds
  12 porcupines
  4 sky beasts
  A phantom (D:8)
  A black bear (D:7)
  41 orc warriors
  3 ice beasts
  An eye of draining (D:12)
  5 boggarts (Vaults:3)
  21 wolves
  67 ogres
  28 centaurs
  20 crocodiles
  3 big kobolds
  A big kobold (shapeshifter) (Vaults:1)
  31 giant frogs
  A human simulacrum (Vaults:1)
  3 earth elementals
  5 scorpions
  3 killer bees (D:13)
  9 electric eels
  5 wights (D:9)
  11 howler monkeys
  8 crimson imps
  13 hounds
  A quasit (D:5)
  A giant frog zombie (D:13)
  A giant frog skeleton (D:6)
  21 orc priests
  Crazy Yiuf (D:2)
  6 jellies
  16 iguanas
  32 orc wizards
  5 hell rats (Lair:6)
  12 worker ants
  14 sheep
  A hound skeleton (D:8)
  2 worker ant zombies
  8 gnolls
  12 adders
  2 howler monkey skeletons
  24 river rats
  5 shadow imps
  9 white imps (IceCv)
  7 ufetubi (IceCv)
  An ooze (D:2)
  2 adder skeletons
  7 worms
  3 dart slugs
  7 giant geckos
  152 orcs
  A ball python (D:8)
  6 goblins
  11 hobgoblins
  3 jackals (D:5)
  7 quokkas
  8 bats
  A giant gecko skeleton (D:9)
  3 giant newts
  A jackal skeleton (D:8)
  A jackal zombie (D:5)
  23 kobolds
  2 quokka zombies
  5 rats
  5 bushes (Lair:1)
  7 fungi
  15 plants
1944 creatures vanquished.

Vanquished Creatures (collateral kills)
  A hill giant (D:12)
  A cyclops (D:12)
2 creatures vanquished.

Vanquished Creatures (others)
  A deep elf elementalist (Elf:3)
  An ironheart preserver (Vaults:1)
  An unseen horror (D:15)
  2 deep elf magi (Elf:2)
  A slime creature (D:13)
  An orc warrior (Orc:2)
  2 ogres (Vaults:2)
  An orc priest (Vaults:3)
  A white imp (IceCv)
  A kobold (D:8)
  43 fungi
  31 plants
86 creatures vanquished.

Grand Total: 2032 creatures vanquished

Notes
Turn   | Place    | Note
--------------------------------------------------------------
     0 | D:1      | varam the Hill Orc Gladiator began the quest for the Orb.
     0 | D:1      | Reached XP level 1. HP: 18/18 MP: 1/1
   172 | D:1      | Reached XP level 2. HP: 24/25 MP: 2/2
   607 | D:1      | Reached skill level 3 in Fighting
   963 | D:1      | Reached XP level 3. HP: 30/31 MP: 3/3
  1465 | D:2      | Noticed Crazy Yiuf
  1489 | D:2      | Killed Crazy Yiuf
  1489 | D:2      | Reached XP level 4. HP: 33/38 MP: 4/4
  1909 | D:2      | Noticed Sigmund
  1996 | D:3      | Reached XP level 5. HP: 45/45 MP: 5/5
  2966 | D:2      | Killed Sigmund
  2966 | D:2      | Reached XP level 6. HP: 49/51 MP: 6/6
  3674 | D:4      | Found a burning altar of Makhleb.
  3675 | D:4      | Found a radiant altar of Vehumet.
  3692 | D:4      | Reached XP level 7. HP: 56/57 MP: 7/7
  3750 | D:4      | Found a burning altar of Makhleb.
  3988 | D:5      | Entered Level 5 of the Dungeon
  4224 | D:5      | Reached skill level 4 in Fighting
  4840 | D:6      | Found an opulent altar of Gozag.
  4970 | D:6      | Reached XP level 8. HP: 67/67 MP: 8/8
  5060 | D:6      | Reached skill level 5 in Fighting
  5465 | D:7      | Got a slimy leather armour
  5476 | D:7      | Identified the cursed +0 leather armour "Quakifur" {Int+3} (You found it on level 7 of the Dungeon)
  5634 | D:7      | Found a blossoming altar of Fedhas.
  5637 | D:7      | Reached skill level 6 in Fighting
  5669 | D:7      | Reached skill level 10 in Maces & Flails
  5786 | D:7      | Found a staircase to the Ecumenical Temple.
  5794 | Temple   | Entered the Ecumenical Temple
  5899 | Temple   | Became a worshipper of Warmaster Okawaru
  5918 | D:7      | Reached XP level 9. HP: 65/78 MP: 9/9
  6012 | D:7      | Found a glowing golden altar of the Shining One.
  6058 | D:7      | Found a shimmering altar of Xom.
  6131 | D:8      | Reached skill level 7 in Fighting
  6147 | D:8      | Found a shadowy altar of Dithmenos.
  6256 | D:8      | Found a glowing silver altar of Zin.
  6498 | D:8      | Found a staircase to the Lair.
  6542 | D:8      | Reached * piety under Okawaru
  6753 | D:8      | Reached skill level 1 in Armour
  7190 | D:9      | Reached ** piety under Okawaru
  7265 | D:9      | Reached skill level 8 in Fighting
  7300 | D:9      | Reached XP level 10. HP: 83/88 MP: 6/10
  7656 | D:9      | Found a staircase to the Orcish Mines.
  7907 | D:9      | Found a blossoming altar of Fedhas.
  7979 | D:10     | Entered Level 10 of the Dungeon
  8203 | D:10     | Reached skill level 9 in Fighting
  8208 | D:10     | Reached skill level 1 in Shields
  8468 | D:10     | Noticed a tengu warrior
  8468 | D:10     | Noticed a tengu warrior
  8488 | D:10     | Noticed an eight-headed hydra
  8499 | D:11     | Killed a tengu warrior
  8499 | D:11     | Reached *** piety under Okawaru
  8849 | D:11     | Noticed a hill giant
  8858 | D:11     | Killed a hill giant
  8858 | D:11     | Reached skill level 10 in Fighting
  8958 | D:11     | Reached skill level 5 in Shields
  9054 | D:11     | Noticed a skeletal warrior
  9054 | D:11     | Noticed a skeletal warrior
  9102 | D:11     | Killed a skeletal warrior
  9102 | D:11     | Received a gift from Okawaru
  9102 | D:11     | Reached XP level 11. HP: 101/101 MP: 9/11
  9114 | D:11     | Killed a skeletal warrior
  9114 | D:11     | Reached skill level 11 in Fighting
  9223 | D:11     | Found a sacrificial altar of Ru.
  9230 | D:11     | Noticed a skeletal warrior
  9235 | D:11     | Noticed a skeletal warrior
  9239 | D:11     | Noticed a skeletal warrior
  9290 | D:11     | Killed a skeletal warrior
  9309 | D:11     | Killed a skeletal warrior
  9309 | D:11     | Reached **** piety under Okawaru
  9316 | D:11     | Killed a skeletal warrior
  9486 | D:11     | Noticed Fannar
  9543 | D:11     | Killed Fannar
  9585 | D:11     | Reached skill level 12 in Fighting
  9772 | D:11     | Noticed a hill giant
  9801 | D:11     | Killed a hill giant
  9801 | D:11     | Reached skill level 5 in Armour
  9904 | D:11     | Reached skill level 5 in Dodging
 10105 | D:11     | Received a gift from Okawaru
 10113 | D:11     | Reached ***** piety under Okawaru
 10113 | D:11     | Reached skill level 5 in Axes
 10385 | D:11     | Noticed an orc warlord
 10499 | Lair:1   | Entered Level 1 of the Lair of Beasts
 10835 | Lair:1   | Reached XP level 12. HP: 96/112 MP: 12/12
 11040 | Lair:1   | Received a gift from Okawaru
 11425 | Lair:1   | Reached skill level 10 in Axes
 12418 | Lair:2   | Received a gift from Okawaru
 13120 | Lair:2   | Received a gift from Okawaru
 13531 | Lair:3   | Reached XP level 13. HP: 99/119 MP: 13/13
 13880 | Lair:3   | Found a sparkling altar of Nemelex Xobeh.
 14852 | Lair:4   | Found a staircase to the Shoals.
 15244 | Lair:3   | Reached skill level 13 in Fighting
 15587 | Lair:3   | Received a gift from Okawaru
 16596 | Lair:5   | You fall through a shaft for 3 floors!
 16596 | Lair:8   | Entered Level 8 of the Lair of Beasts
 16649 | Lair:8   | Found a labyrinth entrance.
 16661 | Lab      | Entered a labyrinth
 16742 | Lab      | Noticed a minotaur
 16751 | Lab      | Killed a minotaur
 16787 | Lab      | Identified a +2 rod of inaccuracy (11/11) (You found it in a labyrinth)
 16790 | Lab      | Got a scorched great mace
 16796 | Lab      | Identified the +3 great mace of Baett {crush, *Confuse rElec rN+ MP+9} (You found it in a labyrinth)
 17316 | Lair:8   | Reached XP level 14. HP: 96/129 MP: 14/14
 17876 | Lair:8   | Found a viscous altar of Jiyva.
 17876 | Lair:8   | Found a staircase to the Slime Pits.
 17895 | Lair:8   | Received a gift from Okawaru
 17895 | Lair:8   | Reached ****** piety under Okawaru
 17932 | Lair:8   | Reached skill level 10 in Dodging
 18069 | Lair:7   | Received a gift from Okawaru
 18408 | Lair:6   | Identified a scroll of acquirement
 19257 | Lair:5   | Reached skill level 15 in Axes
 19733 | Lair:6   | Reached skill level 10 in Armour
 20369 | Lair:6   | Found a staircase to the Snake Pit.
 20415 | Lair:6   | Got a faintly glowing lajatang
 20423 | Lair:6   | Identified the cursed +3 lajatang "Giantbane" {speed, rC+} (You found it on level 6 of the Lair of Beasts)
 20554 | Lair:6   | Reached XP level 15. HP: 120/135 MP: 13/15
 20670 | Lair:7   | Received a gift from Okawaru
 22349 | Lair:8   | Received a gift from Okawaru
 22352 | Lair:8   | Got a warped broad axe {god gift}
 22353 | Lair:8   | Identified the +1 broad axe "Neduamp" {flame, +Rage rC+ MR+ Str+4} (Okawaru gifted it to you on level 8 of the Lair of Beasts)
 23374 | Orc:1    | Entered Level 1 of the Orcish Mines
 23530 | Orc:2    | Entered Level 2 of the Orcish Mines
 23896 | Orc:2    | Noticed Saint Roka
 24216 | Orc:2    | Killed Saint Roka
 24216 | Orc:2    | Received a gift from Okawaru
 24216 | Orc:2    | Reached skill level 14 in Fighting
 24566 | Orc:2    | Reached XP level 16. HP: 100/147 MP: 16/16
 24634 | Orc:2    | Found a roughly hewn altar of Beogh.
 24637 | Orc:2    | Found Zemif's Jewellery Boutique.
 24694 | Orc:2    | Found Sosut's Antique Weapon Boutique.
 24760 | Orc:1    | Reached skill level 15 in Fighting
 24808 | Orc:2    | Found Ummul's Antique Armour Boutique.
 24814 | Orc:2    | Bought a pair of translucent gloves for 237 gold pieces
 24824 | Orc:2    | Identified the +2 pair of gloves of Blue Skies {Int+4} (You bought it in a shop on level 2 of the Orcish Mines)
 24850 | Orc:2    | Found Zun Ump's General Store.
 24856 | Orc:2    | Bought a scroll of magic mapping for 35 gold pieces
 24856 | Orc:2    | Bought a scroll of identify for 20 gold pieces
 25023 | Orc:2    | Found a staircase to the Elven Halls.
 25263 | Orc:2    | Found a runed door.
 25434 | Orc:2    | Found a roughly hewn altar of Beogh.
 25789 | D:10     | Noticed simples's ghost (journeyman MiFi)
 25805 | D:10     | Killed simples's ghost
 26032 | D:10     | Got a smoking turquoise ring
 26837 | D:11     | Identified the ring of Ena Iruo {Wiz Int+3} (You found it on level 10 of the Dungeon)
 27398 | D:12     | Reached skill level 1 in Invocations
 27460 | D:12     | Identified Bousch's Incunabulum of Augmentations and Heat
 27557 | D:12     | Noticed Azrael
 27577 | D:12     | Killed Azrael
 27609 | D:12     | Received a gift from Okawaru
 27963 | D:12     | Reached skill level 16 in Fighting
 28760 | D:13     | Noticed Nessos
 28792 | D:13     | Killed Nessos
 29808 | D:14     | Noticed Roxanne
 29896 | D:14     | Reached skill level 5 in Invocations
 29991 | D:15     | Entered Level 15 of the Dungeon
 30037 | D:15     | Reached skill level 1 in Evocations
 30189 | D:15     | Received a gift from Okawaru
 30215 | D:15     | Got a pair of spiked boots {god gift}
 30240 | D:15     | Identified the +0 pair of boots "Xeammisch" {rPois MR+} (Okawaru gifted it to you on level 15 of the Dungeon)
 30467 | D:15     | Reached skill level 5 in Evocations
 30884 | D:15     | Found a staircase to the Depths.
 31069 | D:15     | Reached XP level 17. HP: 158/158 MP: 21/21
 31154 | Depths:1 | Entered Level 1 of the Depths
 31383 | Depths:1 | Noticed a lich
 31404 | Depths:1 | Killed a lich
 31440 | Depths:1 | Reached skill level 10 in Shields
 31474 | Depths:1 | Found a one-way gate leading to the halls of Pandemonium.
 31736 | Elf:1    | Entered Level 1 of the Elven Halls
 31772 | Elf:1    | Found a frozen archway.
 31785 | IceCv    | Entered an ice cave
 31995 | IceCv    | Noticed an Ice Fiend
 32003 | IceCv    | Killed an Ice Fiend
 32294 | Elf:1    | Found Atiwkuot's Antique Armour Shop.
 32324 | Elf:1    | Bought a pair of scorched gloves for 370 gold pieces
 32334 | Elf:1    | Identified the +1 pair of gloves of Curiosity {rN+} (You bought it in a shop on level 1 of the Elven Halls)
 32411 | Elf:1    | Noticed a Hell Sentinel
 32662 | Elf:1    | Got a faintly glowing flail
 32663 | Elf:1    | Identified the +2 flail of Lies {venom, rC+ rN+ MR+ Int-4} (You found it on level 1 of the Elven Halls)
 32730 | Elf:1    | Reached skill level 1 in Long Blades
 33959 | Snake:1  | Entered Level 1 of the Snake Pit
 34113 | Snake:1  | Received a gift from Okawaru
 34675 | Snake:1  | Reached skill level 5 in Long Blades
 35649 | Snake:2  | Received a gift from Okawaru
 35704 | Snake:2  | Got a bone long sword {god gift}
 35705 | Snake:2  | Identified the +11 long sword "Zoppaoll" {slice, Int+5} (Okawaru gifted it to you on level 2 of the Snake Pit)
 36091 | Snake:2  | Noticed Vashnia
 36109 | Snake:2  | Noticed Aizul
 36413 | Snake:2  | Killed Aizul
 36413 | Snake:2  | Reached XP level 18. HP: 84/168 MP: 16/23
 36786 | Snake:2  | Found a deep blue altar of Sif Muna.
 37324 | Snake:2  | Killed Vashnia
 37324 | Snake:2  | Received a gift from Okawaru
 37342 | Snake:2  | Got a pair of scorched boots {god gift}
 37353 | Snake:2  | Identified the +4 pair of boots of Hedonism {Slay+3} (Okawaru gifted it to you on level 2 of the Snake Pit)
 37692 | Snake:4  | Entered Level 4 of the Snake Pit
 37983 | Snake:3  | Reached skill level 17 in Fighting
 39105 | Snake:4  | Received a gift from Okawaru
 39344 | Snake:4  | Received a gift from Okawaru
 40131 | Snake:4  | Reached XP level 19. HP: 167/178 MP: 25/25
 40595 | Snake:4  | Got a serpentine rune of Zot
 40733 | Snake:2  | Received a gift from Okawaru
 41120 | D:14     | Killed Roxanne
 41215 | D:14     | Reached skill level 18 in Fighting
 41218 | D:14     | Received a gift from Okawaru
 41275 | D:14     | Found a gate to the Vaults.
 41435 | D:14     | Found a white marble altar of Elyvilon.
 41572 | Vaults:1 | Entered Level 1 of the Vaults
 42006 | Vaults:1 | Reached skill level 15 in Armour
 42231 | Vaults:1 | Noticed Wiglaf
 42238 | Vaults:1 | Killed Wiglaf
 43009 | Vaults:1 | Received a gift from Okawaru
 43011 | Vaults:1 | Reached skill level 15 in Shields
 43404 | Vaults:2 | Found a staircase to the Crypt.
 43767 | Vaults:2 | Reached skill level 19 in Fighting
 43850 | Vaults:2 | Received a gift from Okawaru
 43850 | Vaults:2 | Reached XP level 20. HP: 173/191 MP: 26/26
 43899 | Vaults:2 | Got a slimy ring mail
 43910 | Vaults:2 | Identified the +5 ring mail of Autumn {-Cast rC+ Slay+5} (You found it on level 2 of the Vaults)
 44271 | Vaults:2 | Received a gift from Okawaru
 44288 | Vaults:2 | Got a crystal war axe {god gift}
 44295 | Vaults:2 | Identified the +9 war axe of Exchange {venom, MP+9 Int-5 Dex+3} (Okawaru gifted it to you on level 2 of the Vaults)
 44468 | Vaults:2 | Found Zieclye's Weapon Shoppe.
 44663 | Vaults:2 | Received a gift from Okawaru
 44699 | Vaults:2 | Got a spiked plate armour {god gift}
 44712 | Vaults:2 | Identified the +2 plate armour of Omission {rF+} (Okawaru gifted it to you on level 2 of the Vaults)
 44915 | Vaults:2 | Reached skill level 20 in Fighting
 45422 | Vaults:2 | Reached skill level 10 in Evocations
 45978 | Vaults:4 | Received a gift from Okawaru
 45989 | Vaults:4 | Reached skill level 21 in Fighting
 45990 | Vaults:4 | Noticed Sojobo
 46039 | Vaults:3 | Reached XP level 21. HP: 97/204 MP: 29/29
 46206 | Vaults:3 | Killed Sojobo
 46543 | Vaults:3 | Received a gift from Okawaru
 46801 | Vaults:4 | Found an iron altar of Okawaru.
 46886 | Vaults:4 | Reached skill level 22 in Fighting
 48000 | Vaults:4 | Received a gift from Okawaru
 48008 | Vaults:4 | Got a translucent long sword {god gift}
 48009 | Vaults:4 | Identified the +0 long sword "Vaditae" {slice, Str-5 Int+2 Dex+9} (Okawaru gifted it to you on level 4 of the Vaults)
 48653 | Orc:2    | Bought a +6 ring of strength for 936 gold pieces
 49007 | Lair:1   | Learned a level 6 spell: Haste
 49188 | Elf:2    | Found Gotwecw's Weapon Emporium.
 49194 | Elf:2    | Reached skill level 1 in Charms
 49225 | Elf:2    | Noticed Donald
 49236 | Elf:2    | Killed Donald
 49398 | Elf:2    | Reached XP level 22. HP: 217/217 MP: 28/31
 49768 | Elf:2    | Reached skill level 5 in Charms
 49824 | Elf:2    | Found a huge runed gate.
 49824 | Elf:2    | Found a huge runed gate.
 49824 | Elf:2    | Found a huge runed gate.
 49824 | Elf:2    | Found a huge runed gate.
 49824 | Elf:2    | Found a huge runed gate.
 50229 | Elf:2    | Received a gift from Okawaru
 50430 | Elf:3    | Entered Level 3 of the Elven Halls
 51039 | Elf:3    | Reached skill level 1 in Spellcasting
 51570 | Elf:3    | Reached skill level 10 in Charms
 51579 | Elf:3    | Reached skill level 5 in Spellcasting
 51597 | Elf:3    | Got a smoking copper ring
 51903 | Elf:3    | Identified the ring "Ketzat" {Str+2 SInv} (You took it off a deep elf annihilator on level 3 of the Elven Halls)
 51964 | Elf:3    | Learned a level 3 spell: Spectral Weapon
 52037 | Elf:3    | Received a gift from Okawaru
 52037 | Elf:3    | Reached XP level 23. HP: 225/225 MP: 32/32
 52068 | Elf:3    | Got a brightly glowing great sword {god gift}
 52069 | Elf:3    | Identified the +5 great sword "Roung" {flame, Int+4} (Okawaru gifted it to you on level 3 of the Elven Halls)
 52344 | Elf:3    | Learned a level 9 spell: Tornado
 52354 | Elf:3    | Learned a level 9 spell: Glaciate
 52360 | Elf:3    | Got a transparent cloak
 52371 | Elf:3    | Identified the -4 cloak "Beickeb" {*Contam rPois MR- Dex+6} (You found it on level 3 of the Elven Halls)
 52389 | Elf:3    | Identified the Catalogue of Congealing Unholy Rituals (You found it on level 3 of the Elven Halls)
 53037 | Shoals:1 | Entered Level 1 of the Shoals
 54497 | Shoals:2 | Received a gift from Okawaru
 54541 | Shoals:2 | Got a fine leather armour
 54657 | Shoals:2 | Got an iridescent war axe
 54658 | Shoals:2 | Identified the +2 war axe "Eneat" {holy, rC+} (You found it on level 2 of the Shoals)
 54797 | Shoals:2 | Reached XP level 24. HP: 234/234 MP: 33/33
 55081 | Shoals:3 | Reached skill level 1 in Conjurations
 55083 | Shoals:3 | Got a shimmering steel ring
 55102 | Shoals:3 | Identified the cursed +1 leather armour "Xannapul" {Int+2} (You found it on level 2 of the Shoals)
 55232 | Shoals:3 | Identified the ring "Fyphaw" {*Corrode rF+ rN+ Slay+3} (You found it on level 3 of the Shoals)
 55616 | Shoals:4 | Entered Level 4 of the Shoals
 55696 | Shoals:4 | Mangled by a merfolk

Skill      XL: |  1  2  3  4  5  6  7  8  9 10 11 12 13 14 15 16 17 18 19 20 21 22 23 24 |
---------------+-------------------------------------------------------------------------+-----
Fighting       | 3 4 6 8 10 12 13 14 16 17 19 21 22 | 22.9
Maces & Flails | 2 3 6 7 8 10 11 12 | 12.1
Armour         | 2 4 5 7 10 12 13 14 15 16 | 16.1
Dodging        | 3 4 5 8 10 | 10.1
Shields        | 5 7 8 9 12 13 15 | 15.0
Axes           | 7 14 15 17 18 | 18.0
Invocations    | 5 |  5.0
Evocations     | 6 7 8 10 12 | 12.5
Throwing       | 2 4 |  4.8
Long Blades    | 5 7 8 |  8.2
Charms         | 3 10 11 | 11.1
Spellcasting   | 5 6 7 |  7.0
Conjurations   | 2 |  2.1

Action                   |  1- 3 |  4- 6 |  7- 9 | 10-12 | 13-15 | 16-18 | 19-21 | 22-24 || total
-------------------------+-------+-------+-------+-------+-------+-------+-------+-------++-------
Melee: War axe           |    73 |       |       |       |   290 |       |       |       ||   363
       Whip              |    26 |   170 |   443 |  1083 |  1486 |   105 |       |       ||  3313
       Broad axe         |       |       |       |       |   201 |  1721 |  1354 |   678 ||  3954
       Eudemon blade     |       |       |       |       |       |    20 |       |       ||    20
Throw: Tomahawk          |       |       |       |       |       |     1 |       |       ||     1
       Javelin           |       |       |       |       |       |       |       |    16 ||    16
Invok: Heroism           |       |       |     3 |    31 |    33 |    28 |    17 |    14 ||   126
       Finesse           |       |       |       |       |       |     5 |       |     1 ||     6
 Abil: Evoke Berserk Rag |       |       |       |       |     2 |    14 |    21 |     6 ||    43
Evoke: Wand              |       |       |     3 |     3 |     3 |     7 |     5 |     3 ||    24
       Disc of storms    |       |       |       |       |     3 |     1 |       |       ||     4
       Rod               |       |       |       |       |     2 |       |       |       ||     2
       Stone of tremors  |       |       |       |       |     1 |     2 |       |       ||     3
       Phantom mirror    |       |       |       |       |       |     1 |       |       ||     1
       Box of beasts     |       |       |       |       |       |     2 |       |     1 ||     3
       Lamp of fire      |       |       |       |       |       |       |       |     1 ||     1
  Use: Scroll            |     1 |     4 |     4 |     1 |     8 |    10 |    12 |    13 ||    53
       Potion            |       |       |       |       |       |     1 |     2 |     7 ||    10
 Stab: Distracted        |       |       |       |       |       |     1 |       |       ||     1
  Eat: Chunk             |     1 |     6 |    11 |    20 |    32 |    30 |    37 |     9 ||   146
       Royal jelly       |       |     1 |       |       |       |       |     2 |       ||     3
       Beef jerky        |       |       |       |     1 |       |     1 |       |       ||     2
       Pizza             |       |       |       |     1 |       |       |       |       ||     1
       Meat ration       |       |       |       |       |     1 |     1 |       |     1 ||     3
       Fruit             |       |       |       |       |     4 |    18 |     2 |     6 ||    30
       Bread ration      |       |       |       |       |       |     4 |       |     2 ||     6
Armor: Ice dragon armour |    44 |    56 |   144 |   170 |   267 |       |       |       ||   681
       Leather armour    |     1 |       |       |       |       |       |       |       ||     1
       Crystal plate arm |       |       |       |       |   220 |   676 |   169 |       ||  1065
       Ring mail         |       |       |       |       |       |       |   155 |   173 ||   328
Dodge: Dodged            |    53 |    54 |   166 |   167 |   599 |   419 |   382 |   218 ||  2058
Block: Shield            |       |       |    22 |   305 |  1035 |  1098 |   827 |   528 ||  3815
